cohdb
Replays
Latest Replays
All Replays
Popular Replays
Top Player Replays
Match Explorer
How It Works
Community
CoH3 Stats
Reddit
Sign in to upload your games and track your stats! →
Sign in with Steam
Match 41642907
Unlisted
Match 41642907
Overview
Messages
Build Orders
End
Engineer Squad
Construct Barracks
Selects Heavy Weapons
1⁄4-ton 4x4 Truck
Riflemen Squad
Grenade Package
Selects Assault Carriers
Riflemen Squad
Air Support Center
Construct Weapon Support Center
Grasshopper Recon Run
M3 Assault Carrier
Selects Exchangeable Parts
Grasshopper Recon Run
M1919 Machine Gun Team
M1918 Browning Automatic Rifles
Selects M2HB .50cal Heavy Machine Gun
Bazooka Squad
Grasshopper Recon Run
.30 cal Machine Gun
Riflemen Squad
M1 Mortar Team
P-47 Strafing Run
M3 Assault Carrier
Grasshopper Recon Run
Improved Aircraft Armor
Air Supremacy
Double Sortie
Grasshopper Recon Run
P-47 Strafing Run
M1919 Machine Gun Team
Grasshopper Recon Run
P-47 Strafing Run
Advanced Air Reconnaissance
qwedcasxz
EGIPOP
Skyline
KevinTDW
0
0
Comments
sign in to comment!
No comments posted yet!